 Dungeon Crawl Stone Soup version 0.29-a0-284-gf9362112df (webtiles) character file.

Game seed: 4964742630913794763

28394 croobank the Fighter (level 13, 0/117 HPs)
             Began as a Hill Orc Fighter on Mar 29, 2022.
             Was an Elder of Beogh.
             Slain by a catoblepas (7 damage)
             ... while petrified by a catoblepas
             ... on level 5 of the Lair of Beasts.
             The game lasted 01:01:02 (19853 turns).

croobank the Fighter (Hill Orc Fighter)            Turns: 19853, Time: 01:01:02

Health: 0/117      AC: 25    Str: 24    XL:     13   Next: 38%
Magic:  21/21      EV:  2    Int:  8    God:    Beogh [****..]
Gold:   1189       SH:  0    Dex: 10    Spells: 12/12 levels left

rFire   . . .      SeeInvis .   a - +12 morningstar "Muczyuxo" {freeze, rCorr}
rCold   . . .      Faith    .   c - +0 buckler
rNeg    + + +      Spirit   .   u - +3 plate armour
rPois   ∞          Reflect  .   q - +2 helmet
rElec   .          Harm     .   (no cloak)
rCorr   +          Rampage  .   (no gloves)
Will    .....                   (no boots)
Stlth   ..........              (no amulet)
HPRegen 0.29/turn               d - ring of poison resistance
MPRegen 0.17/turn               E - +4 ring of protection

@: petrified
A: no striking features
a: Renounce Religion, Smiting, Recall Orcish Followers


You were on level 5 of the Lair of Beasts.
You worshipped Beogh.
Beogh was greatly pleased with you.
You visited 2 branches of the dungeon, and saw 16 of its levels.

You collected 1189 gold pieces.

Inventory:

Hand Weapons
 a - the +12 morningstar "Muczyuxo" (weapon) {freeze, rCorr}
   (You found it on level 1 of the Lair of Beasts)

   It freezes those it strikes, dealing additional cold damage.
   It can also slow down cold-blooded creatures.
   rCorr:     It protects you from acid and corrosion.
 b - a +4 vorpal great sword
 g - a +0 dire flail
 j - a +0 war axe of protection
 n - a +3 trident
 r - a +2 spear of flaming
 s - a +3 short sword of electrocution
 y - a +0 falchion of protection
 z - a +0 hand crossbow
 I - a +0 battleaxe
 J - the +4 whip "Rioryph" {vamp, +Blink Dex+5}
   (You found it on level 2 of the Dungeon)

   It occasionally heals its wielder for a portion of the damage dealt when it
   wounds a living foe.
   Dex:       It affects your dexterity (+5).
   +Blink:    It lets you blink.
 O - a +0 battleaxe
 R - the +9 whip of Bodily Humours {freeze, rC- Str+9}
   (You found it on level 5 of the Lair of Beasts)

   It freezes those it strikes, dealing additional cold damage.
   It can also slow down cold-blooded creatures.
   Str:       It affects your strength (+9).
   rC:        It makes you vulnerable to cold.
Missiles
 e - 532 stones
 h - 2 throwing nets (quivered)
 p - 3 curare-tipped darts
 t - 5 javelins
 x - 12 boomerangs
 G - 16 poisoned darts
Armour
 c - a +0 buckler (worn)
 i - a +0 chain mail
 q - a +2 helmet (worn)
 u - a +3 plate armour (worn)
Jewellery
 d - a ring of poison resistance (left hand)
 l - a ring of willpower
 m - a +6 ring of intelligence
 E - a +4 ring of protection (right hand)
 N - a ring of see invisible
 Q - a +6 ring of intelligence
Wands
 f - a wand of digging (6)
Scrolls
 k - 4 scrolls of teleportation
 w - 3 scrolls of summoning
 A - 2 scrolls of amnesia
 D - 5 scrolls of identify
 H - a scroll of blinking
 M - a scroll of fog
Potions
 o - 6 potions of curing
 v - 4 potions of mutation
 B - 5 potions of flight
 C - a potion of ambrosia
 K - a potion of might
 L - a potion of haste
 P - 3 potions of cancellation


   Skills:
 + Level 11.8 Fighting
 - Level 3.2(8.8) Axes
 + Level 10.7(10.9) Maces & Flails
 + Level 10.8 Armour
 + Level 10.8 Shields
 + Level 11.2 Invocations
 + Level 8.6 Evocations


You had 12 spell levels left.
You didn't know any spells.
Your spell library contained the following spells:

 Spells                   Type           Power      Damage    Failure   Level
 Animate Skeleton         Necr           0%         N/A       99%         1
 Apportation              Tloc           0%         N/A       99%         1
 Freeze                   Ice            0%         1d3       99%         1
 Summon Small Mammal      Summ           0%         N/A       99%         1
 Corpse Rot               Necr/Air       0%         N/A       100%        2
 Frozen Ramparts          Ice            0%         1d2       100%        3
 Gell's Gravitas          Tloc           0%         N/A       100%        3
 Lesser Beckoning         Tloc           0%         N/A       100%        3
 Ozocubu's Armour         Ice            0%         N/A       100%        3
 Teleport Other           Tloc           0%         N/A       100%        3
 Dispel Undead            Necr           0%         3d6       100%        4
 Hailstorm                Conj/Ice       0%         3d3       100%        4
 Summon Forest            Summ/Tloc      0%         N/A       100%        5
 Death Channel            Necr           0%         N/A       100%        6
 Eringya's Noxious Bog    Tmut/Pois      0%         N/A       100%        6
 Ozocubu's Refrigeration  Ice            0%         4d5       100%        7
 Summon Hydra             Summ           0%         N/A       100%        7


Dungeon Overview and Level Annotations

Branches:
Dungeon (11/15)            Temple (0/1) D:7            Lair (5/6) D:8
  Swamp (0/4) Lair:4       Spider (0/4) Lair:3          Orc (0/2) D:9
  Slime: Lair:5-6

Altars:
Ashenzari
Fedhas
Gozag
Kikubaaqudgha
Okawaru
Ru
Sif Muna
Trog
Wu Jian
Yredelemnul
The Shining One


Message History

The catoblepas breathes a plume of calcifying dust at you.
The blast of calcifying dust hits you but does no damage.
The catoblepas breathes a plume of calcifying dust at you.
The blast of calcifying dust hits you but does no damage.
The catoblepas breathes a plume of calcifying dust at you.
The blast of calcifying dust hits you but does no damage.
The catoblepas attacks as you move away!
The catoblepas gores you!!
* * * LOW HITPOINT WARNING * * *
You hit the catoblepas but do no damage.
The catoblepas is almost dead.
The catoblepas gores you!!
* * * LOW HITPOINT WARNING * * *
You barely miss the catoblepas.
The catoblepas is almost dead.
The catoblepas breathes a plume of calcifying dust at you.
The blast of calcifying dust hits you but does no damage.
Unknown command.
You feel better.
You are engulfed in calcifying dust.
You are slowing down.
The catoblepas gores you.
* * * LOW HITPOINT WARNING * * *
You hit the catoblepas. You freeze the catoblepas.
The catoblepas is almost dead.
You are engulfed in calcifying dust.
Your limbs have turned to stone.
The catoblepas breathes a plume of calcifying dust at you.
The blast of calcifying dust hits you.
* * * LOW HITPOINT WARNING * * *
You have turned to stone.
You are engulfed in calcifying dust.
The catoblepas breathes a plume of calcifying dust at you.
The blast of calcifying dust hits you but does no damage.
You are engulfed in calcifying dust.
The catoblepas gores you!
* * * LOW HITPOINT WARNING * * *
The catoblepas gores you but does no damage.
The catoblepas breathes a plume of calcifying dust at you.
The blast of calcifying dust hits you.
* * * LOW HITPOINT WARNING * * *
You are engulfed in calcifying dust.
The catoblepas gores you!
You die...

...P....§ ≈ ..
...#.PP#§§§≈≈≈ ≈
!.##......§§≈§≈≈≈ ≈
.....P...§.§§≈§≈ ≈
....##..§§§§§≈§. ≈
## #...#..§≈§§§≈§. ≈
#.. ##.##..§§§§§§..
#...#.....§§§≈≈§§.#
#.......Y@§§≈≈§≈.##
#.#........§≈≈§≈..#.
###......≈§≈≈≈≈..#
#......§≈≈≈≈≈...
#...###§§§≈≈≈≈§≈.
#....P#P..§≈≈≈≈≈≈≈
##..[###...≈≈§≈§≈≈
#..###.....≈≈§≈≈≈
##..##.....§≈§≈≈≈


You could see a catoblepas.

Vanquished Creatures
  2 catoblepae
  3 hydras
  2 two-headed ogres
  6 death yaks (Lair:5)
  A wolf spider (Lair:4)
  2 elephants (Lair:3)
  3 black mambas
  A torpor snail (Lair:3)
  2 rime drakes (Lair:5)
  5 cane toads
  4 komodo dragons
  A troll (D:11)
  A tyrant leech (Lair:4)
  A blink frog (Lair:2)
  2 wyverns
  A shadow (D:11)
  2 basilisks
  8 yaks
  A redback (Lair:3)
  A vampire mosquito (D:7)
  4 wargs
  2 swamp worms (Lair:4)
  5 water moccasins
  Duvessa (D:7)
  2 orc warriors
  2 ice beasts
  2 sky beasts
  An ogre (D:6)
  4 black bears
  The ghost of sokol815 the Chopper, an amateur DjGl of Uskayaw (D:3)
  2 centaurs
  5 wolves (Lair:4)
  A phantom (D:5)
  2 kobold brigands (D:8)
  2 gnoll sergeants
  9 scorpions
  8 bullfrogs
  14 wights
  Dowan (D:7)
  11 killer bees
  A jelly (D:5)
  2 hounds
  8 orc priests (D:7)
  3 hell rats (Lair:3)
  A gnoll shaman (D:4)
  5 iguanas
  3 orc wizards (D:7)
  18 gnolls
  A river rat (Lair:3)
  9 adders
  2 white imps
  A worm (D:4)
  23 orcs
  6 bats
  4 endoplasms
  9 giant cockroaches
  3 goblins
  5 hobgoblins
  10 jackals
  A quokka (D:3)
  6 ball pythons
  3 frilled lizards
  15 kobolds
  7 rats
274 creatures vanquished.

Vanquished Creatures (collateral kills)
  A wolf spider (Lair:4)
  7 elephants (Lair:3)
  2 black mambas (Lair:4)
  A rime drake (Lair:2)
  5 komodo dragons
  5 cane toads
  A polar bear (Lair:4)
  3 blink frogs (Lair:2)
  10 yaks
  A basilisk (Lair:1)
  A wyvern (Lair:3)
  A warg (D:9)
  A swamp worm (Lair:4)
  3 water moccasins
  An orc warrior (D:9)
  2 wolves (Lair:4)
  4 bullfrogs
  2 killer bees (D:9)
  An orc priest (D:9)
  8 river rats (Lair:3)
  2 orcs
  2 rats (Lair:3)
64 creatures vanquished.

Vanquished Creatures (others)
  An orc sorcerer (Lair:4)
  An orc knight (Lair:4)
  An orc warrior (Lair:2)
  A hound (D:4)
  2 orc priests
  5 orcs
  28 fungi
  14 plants
  2 toadstools (D:8)
55 creatures vanquished.

Grand Total: 393 creatures vanquished

Notes
Turn   | Place    | Note
-------+----------+-------------------------------------------
     0 | D:1      | croobank the Hill Orc Fighter began the quest for the Orb.
     0 | D:1      | Reached XP level 1. HP: 19/19 MP: 1/1
   309 | D:1      | Reached XP level 2. HP: 26/27 MP: 2/2
   766 | D:2      | Reached XP level 3. HP: 28/33 MP: 3/3
   770 | D:2      | Identified the +4 whip "Rioryph" {vamp, +Blink Dex+5}
  1139 | D:2      | Reached skill level 1 in Maces & Flails
  1444 | D:3      | Reached XP level 4. HP: 31/40 MP: 4/4
  1831 | D:3      | Found a bloodstained altar of Trog.
  1834 | D:3      | Found an ancient bone altar of Kikubaaqudgha.
  2139 | D:3      | Found a large runed translucent door.
  2139 | D:3      | Found a large runed translucent door.
  2143 | D:3      | Noticed sokol815's ghost (amateur DjGl)
  2323 | D:4      | Found a blossoming altar of Fedhas.
  2410 | D:4      | Noticed a scorpion
  2420 | D:4      | Killed a scorpion
  2421 | D:4      | Reached XP level 5. HP: 47/47 MP: 5/5
  2461 | D:4      | HP: 1/47 [gnoll/+0 spear (3)]
  2870 | D:4      | Reached XP level 6. HP: 24/55 MP: 6/6
  3293 | D:4      | Noticed a sky beast
  3295 | D:4      | Became a worshipper of Beogh the Brigand
  3302 | D:5      | Entered Level 5 of the Dungeon
  3365 | D:5      | Reached skill level 5 in Fighting
  3455 | D:5      | Noticed a black bear
  3464 | D:5      | Killed a black bear
  3612 | D:5      | Reached XP level 7. HP: 29/61 MP: 7/7
  3988 | D:4      | Reached skill level 5 in Shields
  4093 | D:4      | Found a broken altar of Ashenzari.
  4147 | D:4      | Reached skill level 5 in Armour
  4636 | D:5      | Reached skill level 5 in Maces & Flails
  4972 | D:5      | Reached skill level 1 in Invocations
  5264 | D:6      | Reached skill level 1 in Evocations
  5264 | D:6      | Reached XP level 8. HP: 51/70 MP: 9/9
  5670 | D:6      | Found a shimmering blue altar of Sif Muna.
  5840 | D:6      | Reached * piety under Beogh
  6345 | D:6      | Found a basalt altar of Yredelemnul.
  6434 | D:7      | Noticed a wyvern
  6446 | D:7      | Killed a wyvern
  6503 | D:7      | Noticed a yak
  6503 | D:7      | Noticed a yak
  6503 | D:7      | Noticed a yak
  6504 | D:7      | Noticed a yak
  6530 | D:6      | Killed a yak
  6531 | D:6      | Reached XP level 9. HP: 54/78 MP: 10/12
  6920 | D:7      | Noticed Dowan
  6921 | D:7      | Noticed Duvessa
  6928 | D:7      | Killed Dowan
  6937 | D:7      | Killed Duvessa
  7067 | D:7      | Reached skill level 5 in Invocations
  7484 | D:7      | Found a staircase to the Ecumenical Temple.
  7944 | D:7      | Found an opulent altar of Gozag.
  7956 | D:7      | Reached ** piety under Beogh
  8126 | D:7      | Found a runed translucent door.
  8128 | D:7      | Found a runed translucent door.
  8198 | D:7      | Reached XP level 10. HP: 88/88 MP: 14/14
  8557 | D:3      | Killed sokol815's ghost
  9815 | D:8      | Found a staircase to the Lair.
 10109 | D:8      | Noticed a two-headed ogre
 10121 | D:8      | Killed a two-headed ogre
 10122 | D:8      | Reached skill level 5 in Evocations
 10679 | D:8      | Found an ornate altar of the Wu Jian Council.
 12148 | D:8      | Reached *** piety under Beogh
 12205 | D:9      | Found a staircase to the Orcish Mines.
 12311 | D:9      | You fall into a shaft and drop 2 floors!
 12326 | D:11     | Reached XP level 11. HP: 64/97 MP: 16/16
 12497 | D:10     | Entered Level 10 of the Dungeon
 12589 | D:9      | Noticed a two-headed ogre
 12596 | D:9      | Killed a two-headed ogre
 13037 | D:9      | Found a glowing golden altar of the Shining One.
 13097 | D:9      | Found an iron altar of Okawaru.
 13138 | D:9      | Noticed a cyclops
 13447 | Lair:1   | Entered Level 1 of the Lair of Beasts
 13774 | Lair:1   | Identified the +12 morningstar "Muczyuxo" {freeze, rCorr}
 14201 | Lair:1   | Noticed a four-headed hydra
 14207 | Lair:1   | Killed a four-headed hydra
 14915 | Lair:2   | Reached skill level 10 in Fighting
 15139 | Lair:2   | Found a sacrificial altar of Ru.
 15163 | Lair:2   | Reached XP level 12. HP: 81/106 MP: 18/18
 16082 | Lair:3   | Reached **** piety under Beogh
 16563 | Lair:3   | Found a hole to the Spider Nest.
 16888 | Lair:3   | Reached skill level 10 in Invocations
 16891 | Lair:3   | Reached skill level 10 in Armour
 17031 | Lair:3   | Reached skill level 10 in Shields
 17523 | Lair:4   | Noticed a catoblepas
 17532 | Lair:4   | Killed a catoblepas
 17618 | Lair:4   | Reached skill level 10 in Maces & Flails
 18616 | Lair:4   | Noticed a five-headed hydra
 18619 | Lair:4   | Noticed a seven-headed hydra
 18626 | Lair:4   | Killed a five-headed hydra
 18634 | Lair:4   | Reached XP level 13. HP: 54/116 MP: 21/21
 18888 | Lair:4   | Found a staircase to the Swamp.
 19240 | Lair:5   | Identified the +9 whip of Bodily Humours {freeze, rC-
                  | Str+9}
 19853 | Lair:5   | Slain by a catoblepas

Illustrated notes

Levels and vault maps discovered:
D:1:      dpeg_arrival_windows_large_door, layout_rooms, serial_glass,
          glass_columns_a, glass_columns_b, minmay_strange_pillars
D:2:      layout_loops_ring
D:3:      layout_basic, nicolae_overflow_squiral, ebering_ghost_disaster_area
D:4:      layout_basic, fedhas_altar_fruit_tree,
          mainiacjoe_overflow_surrounded_room
D:5:      layout_layer_cave
D:6:      layout_loops_ring, mainiacjoe_overflow_big_doors
D:7:      lemuel_insect_pit, layout_loops_ring,
          nicolae_gozag_cash_rules_everything_around_me, temple_hall,
          uniq_duvessa
D:8:      layout_gridville, nicolae_wu_jian_wuxing_cycle,
          erik_lair_orcish_takeover, minmay_gold_behind_fungi
D:9:      layout_roguey, okawaru_trees_2, mainiacjoe_overflow_paths,
          david_orc_3, serial_shops, kennysheep_little_box, grunt_ogre_cave,
          lemuel_flamethrower_2
D:10:     layout_roguey, elyvilon_altar_4, amethyst_killhole, uniq_urug
D:11:     statuecave_lemuel, layout_rooms
Lair:1:   layout_gridlike, serial_rivers, chequers_serial_rivers_small_b,
          chequers_serial_rivers_marsh, chequers_serial_rivers_large_a,
          chequers_serial_rivers_micro_c, chequers_serial_rivers_room_a,
          chequers_serial_rivers_room_b, chequers_serial_rivers_room_b
Lair:2:   layout_cave_pods, basic_altar, chequers_serial_rivers_micro_d,
          grunt_megastairs_3
Lair:3:   layout_gridlike, spider_nest_entry_webs, kennysheep_abandoned_house
Lair:4:   layout_regular_city, palyth_hydra_swamp_entry,
          nicolae_lair_run_with_the_wolves, grunt_megastairs_1
Lair:5:   layout_loops_ring, dpeg_slime_entry_corner, minmay_lindwurm_lava

Skill      XL: |  1  2  3  4  5  6  7  8  9 10 11 12 13 |
---------------+----------------------------------------+-----
Axes           | 3 |  3.2
Fighting       | 4 5 6 7 9 10 11 | 11.8
Maces & Flails | 1 2 3 4 5 6 7 8 9 10 | 10.7
Shields        | 4 5 6 7 8 9 10 | 10.8
Armour         | 4 5 6 7 8 9 10 | 10.8
Invocations    | 1 4 5 7 9 10 11 | 11.2
Evocations     | 1 3 4 5 6 8 |  8.6

Action                   |  1- 3 |  4- 6 |  7- 9 | 10-12 | 13-15 || total
-------------------------+-------+-------+-------+-------+-------++-------
Melee: War axe           |   106 |   119 |   388 |   143 |       ||   756
       Whip              |       |       |       |   303 |    19 ||   322
       Morningstar       |       |       |       |   166 |    76 ||   242
Throw: Javelin           |       |     3 |       |     1 |       ||     4
       Throwing net      |       |       |     3 |     2 |       ||     5
       Dart              |       |       |     6 |     3 |       ||     9
Invok: Convert to Beogh  |       |     1 |       |       |       ||     1
       Smiting           |       |       |       |     2 |     1 ||     3
       Recall Orcish Fol |       |       |       |     1 |     1 ||     2
  Use: Potion            |       |     1 |     6 |     2 |     3 ||    12
       Scroll            |       |       |    19 |     8 |       ||    27
 Stab: Invisible         |       |       |       |     4 |       ||     4
       Held in net/web   |       |       |       |     1 |       ||     1
       Paralysed         |       |       |       |     5 |       ||     5
       Confused          |       |       |       |     1 |       ||     1
Armor: Scale mail        |    54 |    75 |    42 |       |       ||   171
       Chain mail        |       |       |   213 |   107 |       ||   320
       Plate armour      |       |       |       |   288 |    59 ||   347
Dodge: Dodged            |    64 |    78 |   131 |   193 |    18 ||   484
Block: Buckler           |    21 |    35 |    85 |   185 |    16 ||   342

Table legend: (Time is in decaauts)
 A = Elapsed time spent in this place.
 B = Non-inter-level travel time spent in this place.
 C = Inter-level travel time spent in this place.
 D = Time resting spent in this place.
 E = Time spent auto-exploring this place.
 F = Levels seen in this place.
 G = Mean time per level.
                   A        B        C        D        E       F      G
               +--------+--------+--------+--------+--------+-----+--------+
         Total |  19995 |  19337 |    658 |   6342 |   8596 |  16 | 1249.7 |
       Dungeon |  13578 |  12992 |    586 |   5081 |   4736 |  11 | 1234.4 |
          Lair |   6417 |   6346 |     71 |   1261 |   3860 |   5 | 1283.4 |
               +--------+--------+--------+--------+--------+-----+--------+

Top non-repeatable levels by time:
     D:7: 3388 daAuts
     D:8: 1969 daAuts
     D:3: 1645 daAuts
  Lair:4: 1620 daAuts
  Lair:3: 1617 daAuts
     D:6: 1615 daAuts
     D:5: 1369 daAuts
  Lair:1: 1349 daAuts
     D:4: 1152 daAuts
  Lair:2: 1101 daAuts
     D:2: 908 daAuts
     D:9: 752 daAuts
  Lair:5: 728 daAuts
     D:1: 530 daAuts
    D:11: 180 daAuts
